Map: Submarine LE

Players

cTHREE - Winner!

  • Race: Protoss Protoss
  • League: Gold
  • Spawn Location: 11:00

ULTRALISK

  • Race: Protoss Protoss
  • League: Silver
  • Spawn Location: 5:00

VOD

Have the link to the VOD?

Description

Time

  • Played on: Dec. 3, 2020, 7:37 p.m.
  • Length: 8:48
Show
View Real Time Build Order
Export as new Build Order

cTHREE Protoss - Winner!

Build Orders:  

Get SALT Encoding   

  12  0:00  Probe  
  13  0:12  Probe  
  14  0:19  Pylon  
  14  0:24  Probe  
  15  0:37  Probe  
  15  0:41  Gateway  
  16  0:49  Probe  
  17  0:50  Assimilator  
  17  1:01  Probe  
  17  1:03  Assimilator  
  18  1:13  Probe  
  19  1:23  Gateway  
  19  1:26  Probe  
  19  1:29  Cybernetics Core  
  20  1:38  Probe  
  21  1:50  Pylon  
  21  1:52  Probe  
  22  1:59  Warp Gate (Chrono Boost)  
  22  2:04  Probe  
  23  2:31  Stalker, Gateway  
  23  2:32  Stalker  
  23  2:35  Gateway  
  23  2:36  Probe  
  28  2:45  Pylon  
  28  2:48  Probe  
  29  2:56  Pylon  
  29  3:28  Stalker x3  
  29  3:30  Stalker  
  37  3:38  Probe  
  38  4:04  Stalker x2  
  38  4:05  Stalker x2  
  46  4:17  Pylon  
  46  4:20  Pylon  
  45  4:32  Stalker  
  42  4:45  Stalker  
  40  4:46  Stalker x2  
  41  5:42  Pylon  
Show
View Real Time Build Order
Export as new Build Order

ULTRALISK Protoss 

Build Orders:  

Get SALT Encoding   

  12  0:00  Probe  
  13  0:14  Pylon  
  13  0:18  Probe  
  14  0:28  Assimilator  
  14  0:30  Probe  
  15  0:41  Gateway  
  15  0:44  Probe  
  16  0:54  Assimilator  
  17  0:57  Probe  
  17  1:12  Probe  
  18  1:26  Probe  
  19  1:38  Probe  
  19  1:39  Pylon  
  20  1:42  Pylon  
  20  1:50  Probe (Chrono Boost)  
  21  1:58  Cybernetics Core  
  22  2:02  Probe (Chrono Boost)  
  22  2:14  Probe  
  23  2:26  Probe  
  24  2:46  Robotics Facility  
  24  2:48  Robotics Facility  
  24  2:56  Pylon  
  24  3:32  Immortal (Chrono Boost)  
  24  3:33  Pylon  
  32  3:43  Immortal (Chrono Boost)  
  32  3:55  Shield Battery  
  32  4:04  Immortal  
  36  4:16  Immortal  
  28  4:43  Immortal  
  21  4:57  Nexus  
Tags
 
Matchup
PvP
Spawn Locations
Cross Positions
Add a new tag
Caveats
  • Supply blocks, unpowered buildings, or Contaminate may cause inaccurate times.
  • Supply counts are checked every 10 seconds.